 Dungeon Crawl Stone Soup version 0.26.1-11-gd32895ea62 (webtiles) character file.

Game seed: 10119200818885977778

105 promet the Grasshopper (level 4, -7/23 HPs)
             Began as a Spriggan Warper on June 1, 2021.
             Mangled by an ice beast (10 damage)
             ... on level 3 of the Dungeon.
             The game lasted 00:21:27 (3781 turns).

promet the Grasshopper (Spriggan Warper)            Turns: 3781, Time: 00:21:27

Health: -7/23      AC:  3    Str:  7    XL:     4   Next: 54%
Magic:  4/9        EV: 23    Int: 15    God:
Gold:   195        SH:  0    Dex: 15    Spells: 3/8 levels left

rFire    . . .     SeeInvis +   l - +1 whip (venom)
rCold    . . .     Faith    .   (shield restricted)
rNeg     . . .     Spirit   .   b - +0 robe
rPois    .         Reflect  .   (helmet restricted)
rElec    .         Harm     .   p - +0 cloak
rCorr    .         Rampage  .   (gloves unavailable)
Will     .....                  (boots unavailable)
Stlth    ++........             (no amulet)
HPRegen  0.07/turn              k - +4 ring of evasion
MPRegen  0.11/turn              (no ring)

@: very quick
A: very small, unfitting armour, see invisible, speed 3
a: no special abilities


You were on level 3 of the Dungeon.
You visited 1 branch of the dungeon, and saw 3 of its levels.

You collected 195 gold pieces.

Inventory:

Hand Weapons
 a - a +0 short sword
 l - a +1 whip of venom (weapon)
 o - a +0 war axe
Missiles
 c - 40 stones (quivered)
 e - 46 arrows
 f - 21 bolts
 h - 21 sling bullets
 i - 2 throwing nets
Armour
 b - a +0 robe (worn)
 p - a +0 cloak (worn)
Jewellery
 k - a +4 ring of evasion (left hand)
Scrolls
 d - a scroll of blinking
 j - a scroll of enchant weapon
 n - a scroll of fear
Potions
 g - 3 potions of haste
 m - a potion of might


   Skills:
 + Level 2.2 Fighting
 + Level 3.3 Short Blades
 + Level 0.2 Maces & Flails
 + Level 1.6 Throwing
 + Level 4.4 Dodging
 + Level 1.8 Stealth
 + Level 2.8 Spellcasting
 + Level 4.7 Translocations


You had 3 spell levels left.
You knew the following spells:

 Your Spells              Type           Power        Failure   Level
a - Blink                 Tloc           N/A          4%          2
b - Gell's Gravitas       Tloc           8%           9%          3

Your spell library contained the following spells:

 Spells                   Type           Power        Failure   Level
 Lesser Beckoning         Tloc           8%           9%          3
 Teleport Other           Tloc           16%          9%          3
 Passage of Golubria      Tloc           N/A          28%         4


Dungeon Overview and Level Annotations

Branches:
Dungeon (3/15)

Altars:
Cheibriados


Innate Abilities, Weirdness & Mutations

You are very small and have problems with some larger weapons.
You are too small for most types of armour.
You have supernaturally acute eyesight. (SInv)
You cover ground extremely quickly.


Message History

The ice beast misses you.
You hit the ice beast but do no damage.
The ice beast is severely wounded.
The ice beast closely misses you.
You hit the ice beast but do no damage.
The ice beast is severely wounded.
The ice beast barely misses you.
You barely miss the ice beast.
The ice beast is severely wounded.
The ice beast completely misses you.
You closely miss the ice beast.
The ice beast is severely wounded.
The ice beast misses you. The ice beast hits you. The ice beast freezes you.
* * * LOW HITPOINT WARNING * * *
You hit the ice beast.
The ice beast is severely wounded.
The ice beast hits you.
* * * LOW HITPOINT WARNING * * *
The ice beast freezes you!
You die...

.# #.. .# #.# .. .+ #.# .. #
.#####.###########. .
.#................. .##
#.####.#####..###.# #.#
^#..............#.# #.#
#.#.##.#####.####.######.#######
.#..##.# #....@Y....(.........
#.#.##.##########.######.######.
.#..##.#.....##..........#
#.#.##.#.###.##.#.#####..# #
.#.....# ###.##.#.....#.Y#
####.# # ######
#...##.#....##..# #...
#.#..#[####.##..###.####
#.#..#......##..........
#####.#..##.###########.##.#


You could see an ice beast.

Vanquished Creatures
  An orc wizard (D:3)
  2 adders
  3 dart slugs
  A leopard gecko (D:1)
  4 orcs (D:3)
  2 ball pythons
  3 giant cockroaches
  4 goblins
  3 hobgoblins (D:1)
  3 jackals (D:1)
  A quokka (D:3)
  8 bats
  2 frilled lizards (D:2)
  7 kobolds
  5 rats
49 creatures vanquished.

Notes
Turn   | Place    | Note
-------+----------+-------------------------------------------
     0 | D:1      | promet the Spriggan Warper began the quest for the Orb.
     0 | D:1      | Reached XP level 1. HP: 10/10 MP: 5/5
   470 | D:1      | Reached XP level 2. HP: 15/15 MP: 6/6
   473 | D:1      | Learned a level 2 spell: Blink
  1588 | D:1      | Reached XP level 3. HP: 18/18 MP: 8/8
  1592 | D:1      | Learned a level 3 spell: Gell's Gravitas
  2527 | D:2      | Found a snail-covered altar of Cheibriados.
  2866 | D:3      | Found a faded altar of an unknown god.
  2885 | D:3      | Reached skill level 1 in Stealth
  2885 | D:3      | Reached XP level 4. HP: 16/23 MP: 7/9
  3665 | D:3      | Noticed an ice beast
  3781 | D:3      | Mangled by an ice beast

Illustrated notes

Levels and vault maps discovered:
D:1:      psy_arrival_whirlpool, layout_basic
D:2:      layout_loops_cross, marbit_many_paths
D:3:      layout_basic, chequers_ecumenical_altar_simple_redux,
          amcnicky_altar_lugonu_corruption

Skill      XL: |  1  2  3 |
---------------+----------+-----
Fighting       | 2 |  2.2
Dodging        | 4 |  4.4
Short Blades   | 3 |  3.3
Stealth        | 1 |  1.8
Maces & Flails | |  0.2
Throwing       | |  1.6
Spellcasting   | |  2.8
Translocations | |  4.7

Action                   |  1- 3 |  4- 6 || total
-------------------------+-------+-------++-------
Melee: Short sword       |   116 |       ||   116
       Whip              |    30 |    49 ||    79
Throw: Boomerang         |     5 |       ||     5
       Stone             |    59 |    30 ||    89
 Cast: Blink             |     2 |       ||     2
       Gell's Gravitas   |       |     4 ||     4
  Use: Scroll            |     8 |       ||     8
       Potion            |     3 |       ||     3
 Stab: Sleeping          |     3 |       ||     3
Armor: Robe              |     5 |     3 ||     8
Dodge: Dodged            |   115 |    39 ||   154
